 Dungeon Crawl Stone Soup version 0.29.0-4-gdea44cf6ec (webtiles) character file.

Game seed: 7118150846864758723

35 qw the Chopper (level 3, 0/21 HPs)
             Began as a Tengu Warper on Aug 29, 2022.
             Slain by a gnoll bouda
             ... wielding a +0 club
              (1 damage)
             ... on level 2 of the Dungeon.
             The game lasted 00:00:05 (1150 turns).

qw the Chopper (Tengu Warper)                       Turns: 1150, Time: 00:00:05

Health: 0/21       AC: 10    Str: 13    XL:     3   Next: 35%
Magic:  7/7        EV:  3    Int: 13    God:
Gold:   24         SH:  0    Dex: 13    Spells: 6/6 levels left

rFire   . . .      SeeInvis .   Y - +0 hand axe
rCold   . . .      Faith    .   (no shield)
rNeg    . . .      Spirit   .   d - +0 plate armour
rPois   .          Reflect  .   (helmet restricted)
rElec   .          Harm     .   (no cloak)
rCorr   .          Rampage  .   (no gloves)
Will    .....                   (boots unavailable)
Stlth   ..........              (no amulet)
HPRegen 0.07/turn               (no ring)
MPRegen 0.10/turn               (no ring)

@: no status effects
A: beak, talons 3
a: no special abilities


You were on level 2 of the Dungeon.
You visited 1 branch of the dungeon, and saw 2 of its levels.

You collected 24 gold pieces.


Innate Abilities, Weirdness & Mutations

You have a beak for a mouth.
You have claws for feet.


   Skills:
 - Level 2.0 Fighting
 - Level 4.1 Axes
 - Level 1.0 Throwing
 + Level 1.1 Armour
 - Level 2.1 Dodging
 - Level 2.0 Spellcasting
 - Level 2.4 Translocations


You had 6 spell levels left.
You didn't know any spells.
Your spell library contained the following spells:

 Spells                   Type           Power      Damage    Failure   Level
 Blink                    Tloc           14%        N/A       100%        2
 Gell's Gravitas          Tloc           7%         N/A       100%        3
 Lesser Beckoning         Tloc           7%         N/A       100%        3
 Teleport Other           Tloc           7%         N/A       100%        3
 Manifold Assault         Tloc           7%         N/A       100%        5

Inventory:

Hand Weapons
 g - a +0 whip
 Y - a +0 hand axe (weapon)
Armour
 d - a +0 plate armour (worn)
Scrolls
 h - a scroll of identify

Dungeon Overview and Level Annotations

Branches:
Dungeon (2/15)

Altars:


Message History

1140 ||| DRINKING potion of heal wounds.
You feel much better.
A gnoll comes into view. It is wielding a +0 club.
The gnoll hits you but does no damage.
You hit the gnoll but do no damage. You claw the gnoll.
The gnoll is almost dead.
The gnoll hits you with a +0 flail!
You hit the gnoll. You claw the gnoll, but do no damage. You peck the gnoll.
You kill the gnoll!
Your Axes skill increases to level 4!
You barely miss the gnoll bouda. You hit the gnoll bouda.
You claw the gnoll bouda.
You peck the gnoll bouda, but do no damage.
The gnoll bouda is moderately wounded.
Your attacks no longer feel as feeble.
A rat comes into view.
The gnoll bouda hits you with a +0 club.
You hit the gnoll bouda.
The gnoll bouda is moderately wounded.
The gnoll bouda hits you with a +0 club.
You hit the gnoll bouda but do no damage.
Your kick misses the gnoll bouda.
The gnoll bouda is moderately wounded.
The gnoll bouda hits you but does no damage.
You hit the gnoll bouda. You claw the gnoll bouda.
Your peck misses the gnoll bouda.
The gnoll bouda is severely wounded.
The gnoll bouda completely misses you.
The gnoll bouda prays to its god.
The gnoll bouda is healed somewhat.
You completely miss the gnoll bouda.
The gnoll bouda is heavily wounded.
The gnoll bouda hits you but does no damage.
You hit the gnoll bouda. Your peck misses the gnoll bouda.
The gnoll bouda is heavily wounded.
The gnoll bouda hits you with a +0 club.
You hit the gnoll bouda. Your peck misses the gnoll bouda.
The gnoll bouda is severely wounded.
The gnoll bouda hits you with a +0 club.
You die...

.............#..#......##
...
.............#..#.......#
..
............##..........#
................#%......##
..................###.#..#
.......rg.# #.##.#
.(.gg..ggg# #.##.#
......##g## #.##.# .....#
#@# #.##.# >g... #.#
#....# .... #.# #..... g.
#.# ...... . ... .... ...
... .....


You could see a gnoll bouda, 4 gnolls and a rat.

Vanquished Creatures
  A gnoll (D:2)
  A worm (D:2)
  A dart slug (D:1)
  2 ball pythons (D:1)
  An endoplasm (D:1)
  3 giant cockroaches
  A goblin (D:1)
  2 hobgoblins
  2 kobolds (D:1)
  A quokka (D:2)
  A bat (D:2)
  3 frilled lizards
19 creatures vanquished.

Notes
Turn   | Place    | Note
-------+----------+-------------------------------------------
     0 | D:1      | qw the Tengu Warper began the quest for the Orb.
     0 | D:1      | Reached XP level 1. HP: 12/12 MP: 4/4
     0 | D:1      | 0 ||| qw: Version: 0.1-a-89-g26bdef1
     0 | D:1      | 0 ||| qw: Game counter: 3557
     0 | D:1      | 0 ||| qw: Always use a shield: true
     0 | D:1      | 0 ||| qw: God list: Okawaru
     0 | D:1      | 0 ||| qw: Allow faded altars: false
     0 | D:1      | 0 ||| qw: Do Orc after D:15 true
     0 | D:1      | 0 ||| qw: Do second Lair branch before Depths: true
     0 | D:1      | 0 ||| qw: Lair rune preference: random
     0 | D:1      | 0 ||| qw: Plans: Normal
     0 | D:1      | 0 ||| PLANNING D:1-11
   150 | D:1      | Reached XP level 2. HP: 17/17 MP: 6/6
   184 | D:1      | Reached skill level 3 in Axes
   721 | D:1      | 721 ||| UPGRADING to +0 plate armour.
   731 | D:1      | 731 ||| DROPPING +0 leather armour.
   732 | D:1      | 732 ||| DROPPING ring of wizardry.
   733 | D:1      | 733 ||| READING scroll labelled GELLEKHAOGH.
   734 | D:1      | 734 ||| READING 3 scrolls labelled DEIPIGORRIAT.
   735 | D:1      | 735 ||| READING 2 scrolls of identify.
   735 | D:1      | 735 ||| IDENTIFYING murky grey potion
   736 | D:1      | 736 ||| DROPPING scroll of blinking.
   836 | D:2      | 836 ||| Stepping ~*~*~tactically~*~*~ (stealth).
   966 | D:2      | Reached XP level 3. HP: 11/21 MP: 7/7
  1128 | D:2      | 1128 ||| Stepping ~*~*~tactically~*~*~ (stealth).
  1130 | D:2      | 1130 ||| Stepping ~*~*~tactically~*~*~ (hiding).
  1132 | D:2      | 1132 ||| Stepping ~*~*~tactically~*~*~ (hiding).
  1135 | D:2      | 1135 ||| Stepping ~*~*~tactically~*~*~ (hiding).
  1139 | D:2      | HP: 3/21 [gnoll/+0 flail[a gnoll bouda] (8)]
  1140 | D:2      | 1140 ||| DRINKING potion of heal wounds.
  1143 | D:2      | Reached skill level 4 in Axes
  1149 | D:2      | HP: 1/21 [gnoll bouda/+0 club (6)]
  1150 | D:2      | Slain by a gnoll bouda

Levels and vault maps discovered:
D:1:      wheals_arrival_linesprint, layout_basic, hangedman_decor_push
D:2:      layout_rooms

Skill      XL: |  1  2  3 |
---------------+----------+-----
Axes           | 3 4 |  4.1
Fighting       | |  2.0
Throwing       | |  1.0
Armour         | |  1.1
Dodging        | |  2.1
Spellcasting   | |  2.0
Translocations | |  2.4

Action                   || total
-------------------------++-------
Melee: Hand axe          ||    47
       Kick              ||    13
       Peck              ||     9
Throw: Boomerang         ||     7
  Use: Scroll            ||     3
       Potion            ||     1
Armor: Plate armour      ||    19
Dodge: Dodged            ||    10

Table legend:
 A = Non-vault XP
 B = Vault XP
 C = Vault XP percentage of total XP
 D = Non-vault monster count
 E = Vault monster count
 F = Vault count percentage of total count
                 A         B        C        D         E       F
            +---------+---------+-------+---------+---------+-------
      Total |      51 |       0 |   0.0 |      19 |       0 |   0.0
            +---------+---------+-------+---------+---------+-------
        D:1 |      22 |       0 |   0.0 |      11 |       0 |   0.0
        D:2 |      29 |       0 |   0.0 |       8 |       0 |   0.0
            +---------+---------+-------+---------+---------+-------
